Map: Eternal Empire LE

Players

Anubis

  • Race: Terran Terran
  • Spawn Location: 7:00

Iceweaver - Winner!

  • Race: Zerg Zerg
  • League: Silver
  • Spawn Location: 1:00

VOD

Have the link to the VOD?

Description

Time

  • Played on: June 18, 2020, 3:49 p.m.
  • Length: 16:18
Show
View Real Time Build Order
Export as new Build Order

Anubis Terran 

Build Orders: Liberator Opening 

Get SALT Encoding   

  12  0:01  SCV  
  13  0:13  SCV  
  14  0:18  Supply Depot  
  14  0:25  SCV  
  15  0:39  SCV  
  15  0:42  Barracks  
  16  0:45  Refinery  
  16  0:51  SCV  
  17  0:58  Supply Depot  
  17  1:03  SCV  
  18  1:15  SCV  
  19  1:24  Barracks  
  19  1:28  SCV  
  20  1:40  SCV  
  20  1:41  Reaper  
  22  1:50  Refinery  
  22  1:52  SCV  
  23  2:03  Supply Depot  
  23  2:04  SCV  
  24  2:14  Factory  
  24  2:25  Reaper  
  25  2:47  Marine  
  26  2:56  Marine  
  26  3:08  Factory Tech Lab  
  26  3:10  Factory Reactor  
  26  3:13  Starport  
  26  3:19  Barracks Tech Lab  
  26  3:26  Orbital Command  
  26  3:27  Barracks Reactor  
  26  3:28  Command Center  
  25  3:55  Hellion x2  
  28  3:59  Liberator  
  28  4:02  SCV  
  32  4:14  SCV  
  32  4:16  Hellion x2  
  37  4:19  Armory, Marauder  
  39  4:34  Factory  
  39  4:39  SCV  
  40  4:47  Supply Depot  
  40  4:57  Supply Depot  
  40  4:58  SCV  
  41  5:01  Orbital Command  
  41  5:07  Hellion  
  43  5:10  SCV  
  44  5:22  SCV  
  45  5:29  Supply Depot  
  45  5:32  Factory Tech Lab  
  45  5:34  SCV  
  46  5:36  Bunker  
  45  5:47  SCV  
  44  6:02  Marauder  
  44  6:03  Hellion x2  
  50  6:05  Hellion  
  50  6:07  Starport Tech Lab  
  52  6:12  SCV  
  53  6:23  Marauder  
  53  6:37  Refinery  
  53  6:38  Marine x2  
  55  6:44  Marine  
  56  6:52  Supply Depot  
  54  6:55  Siege Tank  
  54  6:59  Terran Vehicle Weapons Level 1  
  57  7:06  Marine x2  
  57  7:07  Marine  
  60  7:11  Widow Mine  
  60  7:12  Widow Mine  
  64  7:16  Supply Depot  
  64  7:18  Supply Depot  
  64  7:27  Siege Tank  
  67  7:50  SCV  
  68  7:52  SCV  
  69  8:02  SCV  
  69  8:04  SCV  
  71  8:06  Siege Tank  
  71  8:07  Command Center  
  74  8:14  SCV  
  74  8:16  SCV  
  76  8:21  Refinery  
  76  8:26  SCV  
  77  8:28  SCV  
  78  8:38  SCV  
  78  8:40  SCV  
  80  8:50  SCV  
  80  8:52  SCV  
  80  8:53  Siege Tank  
  83  9:03  SCV  
  83  9:04  SCV  
  85  9:15  SCV  
  85  9:16  SCV  
  87  9:23  Viking x2  
  91  9:25  Siege Tank  
  91  9:26  Siege Tank  
  91  9:28  Terran Vehicle Weapons Level 2  
  97  9:43  Engineering Bay  
  97  9:44  SCV  
  98  9:48  SCV  
  99  9:56  SCV  
  99  9:58  Siege Tank x2  
  106  10:00  SCV  
  106  10:01  Supply Depot  
  107  10:08  SCV  
  107  10:12  SCV  
  109  10:16  Orbital Command  
  109  10:20  SCV  
  110  10:24  SCV, Factory  
  110  10:27  Armory  
  111  10:30  Siege Tank x2  
  111  10:32  SCV  
  111  10:34  Missile Turret  
  118  10:43  Supply Depot  
  118  10:44  SCV  
  118  10:49  Supply Depot  
  119  10:56  SCV  
  120  11:02  Widow Mine x2  
  124  11:09  SCV  
  124  11:10  SCV  
  126  11:18  Marauder  
  128  11:21  SCV  
  128  11:22  SCV  
  128  11:23  Siege Tank x2  
  105  11:35  SCV  
  105  11:39  Marauder  
  105  11:44  Terran Vehicle And Ship Armor Level 1  
  105  11:47  SCV  
  103  11:52  Orbital Command  
  103  11:56  Hellion x2  
  103  11:59  SCV  
  107  12:17  Hellion x2  
  107  12:22  Liberator x2  
  111  12:29  SCV  
  118  12:34  Refinery  
  118  12:37  Refinery  
  118  12:38  Hellion x2  
  118  12:40  Terran Vehicle Weapons Level 3  
  118  12:41  SCV  
  123  12:53  SCV  
  123  12:58  Sensor Tower  
  124  13:00  Hellion x2  
  125  13:06  Supply Depot  
  106  13:21  Hellion x2  
  108  13:41  Supply Depot  
  108  14:01  Command Center  
  108  14:03  Refinery  
  108  14:04  Refinery  
  108  14:18  Supply Depot  
  108  14:22  Supply Depot x2  
  108  14:28  Siege Tank x2  
  75  14:52  Factory Reactor  
  68  14:57  Marauder  
  68  14:58  Marine x2, Factory  
  66  15:00  Siege Tank x2  
  66  15:01  Liberator x2  
  75  15:07  Supply Depot  
  72  15:16  Marine x2  
  72  15:19  Marauder  
  72  15:32  Siege Tank x2  
  72  15:33  Marine  
  72  15:34  Marine  
  77  15:40  Marauder  
  63  15:51  Marine  
Show
View Real Time Build Order
Export as new Build Order

Iceweaver Zerg - Winner!

Build Orders: Hatch First 

Get SALT Encoding   

  12  0:01  Drone  
  13  0:16  Drone  
  13  0:17  Overlord  
  14  0:36  Drone x2  
  16  0:55  Hatchery  
  15  1:02  Drone x3  
  18  1:06  Extractor  
  17  1:14  Drone  
  18  1:24  Spawning Pool  
  17  1:26  Drone  
  18  1:39  Drone  
  19  1:52  Drone  
  20  1:57  Drone  
  21  2:07  Drone  
  22  2:10  Queen x2  
  22  2:13  Drone  
  27  2:21  Zergling x2  
  28  2:24  Overlord  
  28  2:26  Metabolic Boost  
  28  2:46  Zergling x2  
  28  2:47  Zergling x4  
  31  2:58  Drone x3  
  33  3:04  Spore Crawler  
  33  3:13  Zergling x4  
  33  3:17  Overlord x2  
  35  3:35  Queen, Drone x3  
  35  3:36  Drone  
  35  3:37  Drone x2  
  43  3:42  Hatchery  
  42  3:52  Drone x2  
  43  4:00  Drone  
  44  4:19  Hatchery  
  44  4:20  Roach Warren  
  42  4:31  Queen  
  42  4:32  Queen  
  42  4:35  Drone  
  42  4:36  Drone x5  
  52  4:47  Overlord x3  
  52  4:54  Queen  
  52  4:55  Drone  
  52  4:58  Drone x3  
  58  5:22  Drone x6  
  58  5:23  Drone x3  
  67  5:43  Lair  
  66  5:52  Roach x12  
  85  6:00  Queen  
  85  6:02  Drone  
  88  6:04  Overlord x4  
  88  6:31  Evolution Chamber  
  87  6:35  Evolution Chamber  
  86  6:42  Roach  
  86  6:43  Roach x11  
  86  6:45  Queen  
  86  6:46  Queen x3  
  118  6:50  Extractor  
  118  6:51  Extractor  
  116  6:58  Roach x2  
  120  7:13  Extractor  
  119  7:30  Queen  
  115  7:38  Ravager x2  
  115  7:40  Ravager  
  118  7:52  Drone x2  
  118  7:55  Overlord  
  118  7:56  Hatchery, Overlord x5  
  119  8:03  Ravager  
  120  8:06  Overlord x4  
  120  8:10  Zerg Missile Weapons Level 1  
  117  8:52  Hatchery  
  116  9:08  Drone x7  
  123  9:11  Zerg Ground Armor Level 1  
  123  9:14  Drone x4  
  123  9:15  Drone x4  
  131  9:18  Extractor  
  131  9:19  Extractor  
  131  9:21  Extractor  
  131  9:22  Drone x4  
  131  9:24  Extractor  
  131  9:31  Drone  
  131  9:32  Drone x7  
  131  9:33  Drone  
  140  9:52  Drone  
  141  9:53  Drone  
  141  9:56  Roach  
  141  9:57  Roach x20  
  184  10:10  Zerg Missile Weapons Level 2  
  184  10:20  Ravager x8  
  192  10:24  Unknown, Drone x2  
  192  10:25  Queen  
  195  10:51  Drone x3  
  195  10:54  Drone x2  
  149  11:30  Roach x13  
  149  11:31  Roach x14  
  173  11:51  Drone x5  
  178  11:54  Zerg Ground Armor Level 2  
  178  11:57  Drone x3  
  178  11:58  Roach  
  178  11:59  Roach x8  
  196  12:09  Ravager  
  196  12:10  Ravager x3  
  200  12:30  Infestation Pit  
  199  13:00  Overseer x3  
  157  13:31  Ravager x4  
  157  13:32  Roach  
  157  13:33  Roach x20  
  200  13:44  Hive  
  188  14:47  Roach x8  
  200  14:58  Roach  
  194  15:27  Roach x4  
  185  15:42  Roach x5  
  187  15:43  Roach x9  
  181  15:54  Roach  
  181  15:55  Roach x8  
Tags
 
Add a new tag
Caveats
  • Supply blocks, unpowered buildings, or Contaminate may cause inaccurate times.
  • Supply counts are checked every 10 seconds.